 Dungeon Crawl Stone Soup version 0.17-a0-1403-g9df874c (webtiles) character file.

25460 HEYYEYAAE the Thaumaturge (level 13, -1/98 HPs)
             Began as a Human Air Elementalist on June 20, 2015.
             Was a High Priest of Vehumet.
             Killed from afar by a deep elf conjurer (25 damage)
             ... with a bolt of lightning
             ... on level 1 of the Elven Halls.
             The game lasted 00:47:51 (15344 turns).

HEYYEYAAE the Thaumaturge (Human Air Elementalist) Turns: 15344, Time: 00:47:52

Health: -1/98      AC: 14    Str:  8    XL:     13   Next: 50%
Magic:  4/35       EV: 15    Int: 26    God:    Vehumet [*****.]
Gold:   61         SH:  0    Dex: 14    Spells: 7 memorised, 14 levels left

rFire  . . .     SeeInvis .     E - +4 morningstar (protect)
rCold  . . .     Clarity  .     X - +0 troll leather armour
rNeg   . . .     SustAt   .     (no shield)
rPois  .         Gourm    +     I - +2 hat of the High Council {Archmagi, Wiz- Stlth-}
rElec  .         Spirit   .     (no cloak)
rCorr  .         Warding  .     (no gloves)
rMut   .         Stasis   .     e - +1 pair of boots
MR     .....                    N - amulet of the gourmand
Stlth  +.........               t - +3 ring of intelligence
                                J - ring of magical power

@: about to teleport, very slightly contaminated, drained, not resistant to
hostile enchantments, very unstealthy
A: clever 1
a: Renounce Religion


You were on level 1 of the Elven Halls.
You worshipped Vehumet.
Vehumet was extremely pleased with you.
You were very full.

You visited 3 branches of the dungeon, and saw 17 of its levels.
You also visited: Volcano.

You collected 1551 gold pieces.
You spent 1490 gold pieces at shops.

Inventory:

Hand weapons
 k - a +1 dagger of venom
 E - a +4 morningstar of protection (weapon)
Armour
 e - a +1 pair of boots (worn)
 g - a +0 animal skin of fire resistance
 i - a +2 robe of fire resistance
 l - the +9 armour of the Dragon King {rPois rF+ rC+ MR+}
   (You found it on level 6 of the Dungeon)

   It protects you from fire.
   It protects you from cold.
   It protects you from poison.
   It affects your resistance to hostile enchantments.
 p - a +2 robe of fire resistance
 y - the +1 leather armour "Reun" {+Fly rF- MR+ MP+9, unknown}
   (You bought it in a shop on level 4 of the Orcish Mines)

   It makes you vulnerable to fire.
   It affects your resistance to hostile enchantments.
   It affects your magic capacity (+9).
   It lets you fly.
 F - a +2 buckler of protection
 I - the +2 hat of the High Council (worn) {Archmagi, Wiz- Stlth-}
   (You bought it in a shop on level 4 of the Orcish Mines)

   It makes you less stealthy.
 K - a +2 robe of magic resistance
 O - a +2 robe
 T - a cursed +0 ring mail
 X - a +0 troll leather armour (worn)
Magical staves
 R - an uncursed staff of energy
Jewellery
 j - an uncursed ring of sustain attributes
 n - an uncursed ring of protection from cold
 t - a +3 ring of intelligence (right hand)
 D - an uncursed ring of positive energy
 G - an uncursed ring of poison resistance
 J - a ring of magical power (left hand)
 L - an uncursed amulet of clarity
 N - an amulet of the gourmand (around neck)
 U - an uncursed ring of ice {unknown}
Magical devices
 b - a wand of paralysis (2)
 u - a wand of teleportation (1)
 v - a wand of confusion (9)
 x - a wand of teleportation (2)
 M - a wand of confusion (35)
 Y - a wand of slowing (20)
Scrolls
 q - 4 scrolls of immolation
 s - 5 scrolls of remove curse
 A - a scroll of fog
 H - a scroll of identify
 P - a scroll of recharging
 V - a scroll of holy word
Potions
 h - a potion of flight
 m - a potion of berserk rage
 o - 3 potions of agility
 r - a potion of curing
 z - 2 potions of cancellation
 B - a potion of might
 C - a potion of magic {unknown}
 Q - a potion of poison {unknown}
 Z - a potion of invisibility {unknown}
Miscellaneous
 W - a disc of storms
Comestibles
 a - a slice of pizza
 c - 8 bread rations
 d - a beef jerky
 f - 12 meat rations
 w - 4 fruits


   Skills:
 + Level 7.7(7.2) Fighting
 + Level 7.7(7.1) Armour
 + Level 8.0(7.5) Dodging
 - Level 2.0(1.5) Stealth
 + Level 9.9(9.3) Spellcasting
 - Level 8.8(8.2) Conjurations
 - Level 9.8(9.2) Air Magic
 * Level 6.1(5.6) Earth Magic


You had 14 spell levels left.
You knew the following spells:

 Your Spells              Type           Power        Failure   Level  Hunger
a - Shock                 Conj/Air       ####         1%          1    None
b - Static Discharge      Conj/Air       ######..     1%          3    None
c - Repel Missiles        Chrm/Air       ######       5%          2    None
d - Lightning Bolt        Conj/Air       ######....   3%          5    ####...
e - Sandblast             Erth           ######       1%          1    None
f - Flame Tongue          Conj/Fire      #####        1%          1    None
g - Airstrike             Air            ######....   1%          4    #......


Dungeon Overview and Level Annotations

Branches:
Dungeon (12/15)            Temple (0/1) D:6            Lair (0/8) D:10
    Orc (4/4) D:12            Elf (1/3) Orc:4

Altars:
Dithmenos
Fedhas
Gozag
Nemelex Xobeh
Okawaru
Sif Muna
Trog
Vehumet
The Shining One

Shops:
D:6 :   Orc:4 (*[?

Annotations:
D:5 patman2's ghost, average DDBe
D:6 exclusion: statue, mrath's ghost, experienced HuFi
D:7 l0ser140's ghost, experienced OpFE; mrath's ghost, experienced HuFi
D:10 Sonja


Innate Abilities, Weirdness & Mutations

Your mind is acute. (Int +2)


Message History

Evoke which item? (* to show all) (? for menu, Esc to quit)
Zapping:
x - a wand of teleportation (3)
Press: ? - help, Shift-Dir - straight line, f - you You feel strangely unstable.
This wand has 2 charges left.
The deep elf conjurer gestures at you while chanting.
The bolt of cold hits you!
Unknown command.
The deep elf conjurer casts a spell at you.
The bolt of lightning hits you!
The deep elf conjurer gestures at you while chanting.
The bolt of lightning hits you!
The deep elf conjurer gestures at you while chanting.
The bolt of negative energy hits you!
You feel drained.
The deep elf conjurer casts a spell at you.
The bolt of lightning hits you!
* * * LOW HITPOINT WARNING * * *
A deep elf conjurer comes into view. It is wielding a long sword.
The deep elf conjurer casts a spell at you.
The bolt of lightning hits you!
You die...

####+####
#.......#
###.#ee.#.###
#......e....#
#.#..#+#..#.#
#..@## #e..#
+...+ ...+
#...# ..#
#.#.e .#
#$... .#
###.#. #..e
####+


You could see 4 deep elf conjurers.

Vanquished Creatures
  Josephine (Orc:2)
  3 orc high priests (Orc:4)
  A deep elf knight (Elf:1)
  A lindwurm (Volcano)
  2 deep elf conjurers (Elf:1)
  4 hill giants
  4 orc knights (Orc:4)
  6 orc sorcerers
  A cyclops (D:11)
  2 centaur skeletons
  2 gargoyles (Volcano)
  2 molten gargoyles (Volcano)
  A kobold demonologist (D:12)
  Psyche (D:10)
  A komodo dragon (D:10)
  5 trolls
  A trapdoor spider zombie (D:9)
  5 deep elf magi (Elf:1)
  A hippogriff (D:11)
  9 yaks
  3 hungry ghosts
  5 wraiths
  5 wargs
  2 deep elf fighters (Elf:1)
  2 ice beasts (D:12)
  6 sky beasts
  19 orc warriors
  2 phantoms
  A wasp (D:11)
  A crocodile (D:12)
  2 centaurs
  9 ogres
  A wyvern zombie (D:10)
  2 jellies
  6 giant frogs
  3 scorpions
  15 wights
  6 killer bees (D:10)
  5 crimson imps
  2 hounds (D:9)
  2 quasits
  An iguana (D:11)
  A giant frog skeleton (D:11)
  12 orc priests
  7 worker ants
  26 orc wizards
  Natasha (twice) (D:4)
  3 sheep (Orc:2)
  A hound zombie (D:9)
  A hound skeleton (D:6)
  5 adders
  2 shadow imps
  3 oozes
  6 worms
  An adder skeleton (D:6)
  11 giant geckos
  130 orcs
  2 bat skeletons (D:5)
  5 giant cockroaches
  19 goblins
  17 hobgoblins
  14 jackals
  11 kobolds
  6 quokkas
  9 bats
  7 giant newts
  13 rats
467 creatures vanquished.

Vanquished Creatures (others)
  2 orcs (Orc:3)
  A plant (D:10)
3 creatures vanquished.

Grand Total: 470 creatures vanquished

Notes
Turn   | Place    | Note
--------------------------------------------------------------
     0 | D:1      | HEYYEYAAE the Human Air Elementalist began the quest for the Orb.
     0 | D:1      | Reached XP level 1. HP: 13/13 MP: 3/3
   241 | D:1      | Reached XP level 2. HP: 7/20 MP: 0/5
   615 | D:1      | Reached XP level 3. HP: 21/25 MP: 1/6
  1218 | D:2      | Reached skill level 1 in Fighting
  1326 | D:2      | Found a blossoming altar of Fedhas.
  1495 | D:2      | Reached XP level 4. HP: 19/32 MP: 7/7
  1563 | D:2      | Found a shadowy altar of Dithmenos.
  1954 | D:2      | Found a deep blue altar of Sif Muna.
  1954 | D:2      | Found an iron altar of Okawaru.
  1954 | D:2      | Found a glowing golden altar of the Shining One.
  2456 | D:3      | Reached XP level 5. HP: 37/37 MP: 6/8
  2705 | D:4      | Noticed an ogre
  2715 | D:4      | Killed an ogre
  2715 | D:4      | Reached skill level 1 in Armour
  2715 | D:4      | Reached XP level 6. HP: 42/44 MP: 2/10
  2722 | D:4      | Learned a level 3 spell: Static Discharge
  2725 | D:4      | Learned a level 2 spell: Repel Missiles
  2782 | D:4      | Noticed Natasha
  2788 | D:4      | Killed Natasha
  2855 | D:4      | Noticed Natasha
  2858 | D:4      | Killed Natasha
  3169 | D:4      | Reached skill level 4 in Air Magic
  3362 | D:5      | Entered Level 5 of the Dungeon
  3545 | D:5      | Noticed patman2's ghost (average DDBe)
  3680 | D:5      | Reached XP level 7. HP: 10/50 MP: 5/12
  4437 | D:6      | Found a radiant altar of Vehumet.
  4642 | D:6      | Became a worshipper of Vehumet
  4806 | D:6      | Noticed mrath's ghost (experienced HuFi)
  5043 | D:6      | Reached XP level 8. HP: 41/57 MP: 4/14
  5203 | D:6      | Found Xiovvo's Book Boutique.
  5345 | D:6      | Found a staircase to the Ecumenical Temple.
  5426 | D:7      | Reached skill level 5 in Air Magic
  5491 | D:7      | Noticed l0ser140's ghost (experienced OpFE)
  5537 | D:7      | Learned a level 5 spell: Lightning Bolt
  5730 | D:7      | Acquired Vehumet's first power
  5730 | D:7      | Offered knowledge of Sandblast by Vehumet.
  5889 | D:7      | Found a sparkling altar of Nemelex Xobeh.
  6222 | D:8      | Learned a level 1 spell: Sandblast
  6288 | D:8      | Reached XP level 9. HP: 61/64 MP: 16/16
  6340 | D:8      | Reached skill level 6 in Air Magic
  6621 | D:8      | Reached skill level 5 in Conjurations
  6654 | D:8      | Gained mutation: Your mind is acute. (Int +2) [potion of beneficial mutation]
  6685 | D:8      | Reached skill level 5 in Spellcasting
  7319 | D:9      | Noticed a hill giant
  7343 | D:9      | Offered knowledge of Flame Tongue by Vehumet.
  7343 | D:9      | Killed a hill giant
  7343 | D:9      | Reached skill level 7 in Air Magic
  7343 | D:9      | Reached XP level 10. HP: 55/72 MP: 8/19
  7346 | D:9      | Learned a level 1 spell: Flame Tongue
  7374 | D:9      | Reached skill level 5 in Dodging
  7962 | D:10     | Entered Level 10 of the Dungeon
  8247 | D:10     | Offered knowledge of Conjure Flame by Vehumet.
  8362 | D:10     | Noticed Psyche
  8370 | D:10     | Killed Psyche
  8370 | D:10     | Reached skill level 8 in Air Magic
  8529 | D:10     | Reached skill level 5 in Fighting
  8529 | D:10     | Reached XP level 11. HP: 68/79 MP: 14/21
  8685 | D:10     | Found a staircase to the Lair.
  8936 | D:10     | Noticed Sonja
  8982 | D:11     | Noticed a hill giant
  9006 | D:11     | Acquired Vehumet's second power
  9011 | D:11     | Killed a hill giant
  9011 | D:11     | Reached skill level 5 in Armour
  9115 | D:11     | Noticed a cyclops
  9294 | D:11     | Killed a cyclops
  9942 | D:11     | Offered knowledge of Airstrike by Vehumet.
  9949 | D:11     | Learned a level 4 spell: Airstrike
  9959 | D:11     | Found an opulent altar of Gozag.
 10101 | D:11     | Reached skill level 9 in Air Magic
 10606 | D:12     | Noticed a hill giant
 10611 | D:12     | Killed a hill giant
 10616 | D:12     | Acquired Vehumet's third power
 10828 | D:12     | Found a staircase to the Orcish Mines.
 10894 | D:12     | Noticed a hill giant
 10905 | D:12     | Killed a hill giant
 11193 | D:12     | Offered knowledge of Olgreb's Toxic Radiance by Vehumet.
 11356 | D:12     | Reached XP level 12. HP: 71/87 MP: 24/24
 11980 | Orc:1    | Entered Level 1 of the Orcish Mines
 12257 | Orc:2    | Noticed Josephine
 12379 | Orc:2    | Killed Josephine
 12670 | Orc:1    | Found a radiant altar of Vehumet.
 12688 | Orc:1    | Offered knowledge of Fireball by Vehumet.
 12864 | Orc:2    | Reached skill level 1 in Earth Magic
 12873 | Orc:2    | Found a bloodstained altar of Trog.
 13208 | Orc:3    | Found a dark tunnel.
 13214 | Volcano  | Entered a volcano
 14011 | Orc:4    | Entered Level 4 of the Orcish Mines
 14193 | Orc:4    | Found a staircase to the Elven Halls.
 14212 | Orc:4    | Offered knowledge of Orb of Destruction by Vehumet.
 14355 | Orc:4    | Noticed an orc high priest
 14356 | Orc:4    | Noticed an orc high priest
 14358 | Orc:4    | Noticed an orc high priest
 14358 | Orc:4    | Killed an orc high priest
 14359 | Orc:4    | Killed an orc high priest
 14359 | Orc:4    | Killed an orc high priest
 14359 | Orc:4    | Reached XP level 13. HP: 77/96 MP: 23/26
 14379 | Orc:4    | Reached skill level 5 in Earth Magic
 14908 | Orc:4    | Found Jemascham's Magic Scroll Boutique.
 14908 | Orc:4    | Found Ciptec's Antique Armour Boutique.
 14909 | Orc:4    | Found Ucom's General Store.
 14909 | Orc:4    | Found Hadu's Antique Weapon Emporium.
 14919 | Orc:4    | Bought a pitted leather armour for 161 gold pieces
 14929 | Orc:4    | Bought a +2 buckler of protection for 387 gold pieces
 14931 | Orc:4    | Bought a scroll of identify for 26 gold pieces
 14931 | Orc:4    | Bought a scroll of identify for 26 gold pieces
 14931 | Orc:4    | Bought a scroll of identify for 26 gold pieces
 14931 | Orc:4    | Bought a scroll of identify for 26 gold pieces
 14937 | Orc:4    | Bought a scroll of identify for 36 gold pieces
 14937 | Orc:4    | Bought the +2 hat of the High Council {Archmagi, Wiz- Stlth-} for 802 gold pieces
 15183 | Elf:1    | Entered Level 1 of the Elven Halls
 15344 | Elf:1    | Killed from afar by a deep elf conjurer

Vault maps used:
D:1:      dpeg_arrival_tiny_a
D:2:      old_standard_altar, gammafunk_temple_overflow_claw,
          nicolae_dithmenos_shadow_blocks, st_stairs_8
D:4:      first_bread, uniq_natasha
D:6:      vehumet_statue, minmay_temple_entry_fiery, serial_shops,
          kennysheep_little_box, serial_bayou_lagoon_b
D:7:      lemuel_coloured_pillars_altar, basic_altar
D:10:     david_lair_shrubbed, uniq_psyche, uniq_sonja
D:11:     kennysheep_six_static_rooms, basic_altar
D:12:     orc_0_dummy
Orc:1:    basic_altar
Orc:2:    serial_shops, shop, basic_altar, trog_butcher_becter, uniq_nergalle,
          uniq_josephine
Orc:3:    enter_volcano_2, nicolae_orc_pool_cavern
Orc:4:    st_orc_elflike
Elf:1:    mu_elemental_laboratory, minmay_elf_annihilation, uniq_azrael
Volcano:  volcano_aerie

Action                   |  1- 3 |  4- 6 |  7- 9 | 10-12 | 13-15 || total
-------------------------+-------+-------+-------+-------+-------++-------
Melee: Dagger            |    62 |    75 |    52 |       |       ||   189
       Unarmed           |     3 |       |       |       |       ||     3
       Morningstar       |       |       |    82 |    86 |     4 ||   172
 Cast: Shock             |    53 |   102 |   140 |   388 |    53 ||   736
       Static Discharge  |       |     3 |    47 |   168 |    23 ||   241
       Repel Missiles    |       |     1 |       |     2 |       ||     3
       Lightning Bolt    |       |       |     3 |    29 |    25 ||    57
       Sandblast         |       |       |     1 |     1 |       ||     2
       Flame Tongue      |       |       |       |    28 |       ||    28
Evoke: Wand              |       |       |     8 |    20 |    10 ||    38
  Use: Scroll            |       |     4 |    14 |    12 |     5 ||    35
       Potion            |       |     1 |     5 |     7 |     3 ||    16
 Stab: Sleeping          |     3 |     3 |     3 |       |       ||     9
       Distracted        |       |       |     1 |       |       ||     1
  Eat: Chunk             |     3 |     6 |    10 |    39 |     6 ||    64
       Royal jelly       |       |       |     1 |       |       ||     1
       Fruit             |       |       |     1 |       |       ||     1
       Beef jerky        |       |       |     1 |       |       ||     1
